AoeStats
← 739697286

MegaRandom

507948123Analyzed
4v4 RM · 13d ago on Sep 20, 2026· 67m 58s· 8 players
Game mode
Random Map
Map size
Large (8 player)
Population
200
Speed
Normal
Resources
Standard
Victory
Conquest
Starting age
Dark Age
Ending age
Imperial Age
RankedLock teamsTeams togetherTeam positionsShared explorationLock speedFull tech treeHidden civsTurbo modeCheats
Victory
Defeat
🇨🇳 Franks · China
1480
+13
🇦🇺 Burgundians · Australia
1453
+14
🇨🇳 Saracens · China
1382
+17
🇨🇳 Huns · China
1377
+16
🇹🇷 Turks · Türkiye
1426
-16
1412
-15
🇹🇷 Franks · Türkiye
1407
-15
🇫🇮 Mongols · Finland
1383
-14
ZeZe
5:01 Loom
14:55 Feudal Age
19:43 Castle Age
17:54 Double-Bit Axe
19:25 Scale Barding Armor
19:03 Horse Collar
27:38 Bloodlines
27:30 Husbandry
36:25 Town Watch
37:20 Wheelbarrow
40:25 Caravan
40:30 Padded Archer Armor
41:36 Hand Cart
41:51 Heavy Plow
42:04 Bow Saw
41:45 Town Watch
42:24 Forging
44:28 Leather Archer Armor
50:40 Chain Barding Armor
54:47 Imperial Age
53:47 Ballistics
55:11 Iron Casting
56:09 Plate Barding Armor
60:22 Blast Furnace
61:02 Stone Mining
62:50 Heavy Camel Rider
WeWereBornToFly
9:57 Loom
11:41 Loom
15:18 Feudal Age
16:38 Double-Bit Axe
19:26 Castle Age
18:09 Double-Bit Axe
20:07 Gold Mining
21:02 Wheelbarrow
21:29 Bow Saw
22:32 Scale Mail Armor
22:37 Scale Barding Armor
26:10 Light Cavalry
27:12 Chain Barding Armor
27:54 Husbandry
30:33 Forging
33:56 Hand Cart
34:29 Iron Casting
38:35 Stone Mining
38:49 Caravan
39:31 Stone Mining
40:00 Town Watch
45:04 Imperial Age
42:37 Scale Mail Armor
42:39 Squires
42:07 Pikeman
43:41 Gold Shaft Mining
44:10 Chain Mail Armor
43:41 Arson
44:40 Fletching
45:33 Coinage
46:46 Plate Barding Armor
47:39 Blast Furnace
47:04 Masonry
47:39 Conscription
47:36 Chivalry
47:59 Murder Holes
48:35 Architecture
51:09 Hoardings
55:10 #83
55:23 Plate Mail Armor
54:14 Halberdier
57:29 Cavalier
59:02 Banking
60:20 Capped Ram
Ares_Hong Bang- Trieu Dynasty
4:34 Loom
15:23 Feudal Age
17:12 Wheelbarrow
16:32 Horse Collar
17:18 Double-Bit Axe
26:11 Castle Age
25:59 Stone Mining
27:33 Bow Saw
27:48 Medium Warships
28:23 Medium Warships
30:04 Heavy Plow
34:05 Pikeman
Burgeri
6:07 Loom
13:00 Feudal Age
15:11 Double-Bit Axe
18:43 Castle Age
17:00 Horse Collar
19:44 Bow Saw
21:55 Caravan
26:23 Fletching
27:24 Town Watch
27:35 Bodkin Arrow
33:14 Padded Archer Armor
39:36 Imperial Age
37:42 Wheelbarrow
39:36 Leather Archer Armor
39:33 Bloodlines
39:23 Husbandry
40:33 Bracer
40:13 Elite Mangudai
43:14 Chemistry
42:35 Ballistics
43:35 Hand Cart
45:06 Light Cavalry
45:52 Scale Barding Armor
45:58 Forging
46:23 Hussar
48:54 Chain Barding Armor
49:09 Iron Casting
49:43 Heavy Plow
49:35 Gold Mining
49:36 Stone Mining
51:41 Hoardings
51:18 Masonry
52:05 Capped Ram
54:18 Blast Furnace
54:24 Conscription
53:27 Siege Ram
55:39 Drill
55:18 Onager
_LX_
14:05 Feudal Age
14:45 Double-Bit Axe
15:13 Loom
18:43 Castle Age
17:16 Horse Collar
20:29 Wheelbarrow
21:46 Scale Barding Armor
31:00 Hand Cart
32:36 Town Watch
33:21 Bow Saw
33:55 Forging
34:46 Chain Barding Armor
35:36 Husbandry
35:46 Bloodlines
36:58 Iron Casting
40:07 Imperial Age
39:53 Fletching
40:03 Padded Archer Armor
41:37 Heavy Plow
42:05 Town Patrol
41:32 Capped Ram
44:01 Plate Barding Armor
48:32 Caravan
49:42 Gold Mining
52:26 Two-Man Saw
54:36 Blast Furnace
56:47 Conscription
56:39 Counterweights
56:15 Elite Mameluke
58:01 Bimaristan
60:29 Heavy Camel Rider
61:29 Light Cavalry
64:31 Hussar
不会讲英文
4:55 Loom
13:41 Feudal Age
16:03 Double-Bit Axe
16:22 Gold Mining
19:31 Castle Age
18:29 Fletching
18:39 Padded Archer Armor
19:18 Bloodlines
20:45 Bow Saw
42:37 Wheelbarrow
43:51 Ballistics
52:38 Bodkin Arrow
53:07 Caravan
53:38 Masonry
53:31 Pikeman
55:25 Squires
55:12 Arson
57:09 Hand Cart
56:42 Town Watch
57:12 Horse Collar
58:19 Heavy Plow
63:48 Scale Barding Armor
66:55 Imperial Age
65:15 Chain Barding Armor
65:07 Forging
65:08 Husbandry
66:38 Iron Casting
66:20 Leather Archer Armor
66:20 Marauders
68:22 Conscription
67:23 Elite Tarkan
68:44 Plate Barding Armor
69:13 Blast Furnace
739697286
3:50 Loom
13:43 Feudal Age
14:18 Double-Bit Axe
18:41 Wheelbarrow
22:58 Castle Age
23:02 Gold Mining
23:03 Stone Mining
24:13 Medium Warships
36:55 Imperial Age
36:51 Hand Cart
36:49 Elite Skirmisher
37:30 Fletching
37:40 Padded Archer Armor
37:30 Fletching
37:41 Padded Archer Armor
39:59 Light Cavalry
40:40 Husbandry
42:10 Town Watch
44:18 Forging
46:41 Scale Mail Armor
47:24 Iron Casting
46:48 Bodkin Arrow
53:16 Caravan
54:09 Conscription
56:03 Cavalier
58:17 Paladin
59:34 Scale Barding Armor
60:30 Blast Furnace
61:38 Blast Furnace
61:54 Chain Barding Armor
64:45 Plate Barding Armor
66:41 Scale Mail Armor
66:39 Pikeman
67:20 Squires
67:38 Chain Mail Armor
68:52 Leather Archer Armor
ZombieRabbit
5:03 Loom
10:40 Double-Bit Axe
15:49 Feudal Age
17:47 Bow Saw
19:56 Castle Age
19:08 Horse Collar
23:21 Wheelbarrow
25:41 Town Watch
26:12 Hand Cart
27:38 Burgundian Vineyards
27:46 Heavy Plow
28:43 Husbandry
30:15 Forging
32:22 Scale Barding Armor
32:52 Iron Casting
32:55 Fortified Wall
35:43 Imperial Age
36:10 Chain Barding Armor
37:14 Crop Rotation
37:46 Two-Man Saw
38:05 Plate Barding Armor
38:26 Caravan
39:35 Conscription
40:37 Fletching
41:55 Ballistics
41:27 Guard Tower
41:24 Arrowslits
41:45 Bodkin Arrow
44:05 Pikeman
44:45 Squires
46:24 Chemistry
46:30 Coinage
47:07 Blast Furnace
46:45 Medium Warships
46:42 Bracer
47:19 Elite Cannon Galleon
49:47 Heavy Warships
50:11 Clinker Construction
51:51 Keep
52:15 Guilds
52:37 Banking
56:05 Scale Mail Armor
55:49 Treadmill Crane
55:45 Pikeman
56:11 Arson
60:48 Elite Coustillier
60:55 Halberdier
68:19 Chain Mail Armor
Connection lost

Rejoining the realm…

Still unreachable

The connection could not be restored.

Session expired

The server has moved on; the page needs a fresh start.